 Dungeon Crawl Stone Soup version 0.18-a0-1186-gd02dc51 (webtiles) character file.

116 Kidiri the Conjurer (level 4, 0/24 HPs)
             Began as a Deep Elf Conjurer on Jan 28, 2016.
             Slain by an orc
             ... wielding a +0 mace
              (9 damage)
             ... on level 3 of the Dungeon.
             The game lasted 00:06:13 (2214 turns).

Kidiri the Conjurer (Deep Elf Conjurer)             Turns: 2214, Time: 00:06:13

Health: 0/24       AC:  3    Str:  5    XL:     4   Next: 70%
Magic:  1/12       EV: 13    Int: 21    God:
Gold:   145        SH:  0    Dex: 15    Spells: 3 memorised, 5 levels left

rFire  . . .     SeeInvis +     p - +0 rapier
rCold  . . .     Gourm    +     a - +1 robe
rNeg   . . .     Faith    .     (no shield)
rPois  .         Spirit   .     (no helmet)
rElec  .         Dismiss  .     (no cloak)
rCorr  .         Reflect  .     (no gloves)
SustAt .         Harm     .     (no boots)
MR     .....                    i - amulet of the gourmand
Stlth  ++........               o - ring of stealth
                                j - ring of see invisible

@: confused, not resistant to hostile enchantments, unstealthy
A: no striking features
a: no special abilities


You were on level 3 of the Dungeon.
You were completely stuffed.

You visited 1 branch of the dungeon, and saw 3 of its levels.

You collected 145 gold pieces.

Inventory:

Hand Weapons
 p - a +0 rapier (weapon)
Armour
 a - a +1 robe (worn)
 q - a +0 shield
Jewellery
 i - an amulet of the gourmand (around neck)
 j - a ring of see invisible (left hand)
 o - a ring of stealth (right hand)
Scrolls
 d - 2 scrolls of remove curse
 e - 2 scrolls of teleportation
 k - a scroll of amnesia
 l - a scroll of enchant armour
Potions
 g - a potion of cure mutation {unknown}
 m - 2 potions of curing {unknown}
Books
 b - a book of Conjurations

   Spells                             Type                      Level
   a - Magic Dart                     Conjuration                  1
   b - Searing Ray                    Conjuration                  2
   c - Dazzling Spray                 Conjuration/Hexes            3
   d - Fulminant Prism                Conjuration/Hexes            4
   e - Iskenderun's Mystic Blast      Conjuration                  4
   f - Iskenderun's Battlesphere      Conjuration/Charms           5
Comestibles
 c - 2 bread rations
 f - a fruit
 h - 7 chunks of flesh
 n - a royal jelly


   Skills:
 + Level 0.4 Fighting
 + Level 1.0 Armour
 * Level 3.5 Dodging
 + Level 2.6 Stealth
 * Level 0.4 Shields
 * Level 4.0 Spellcasting
 * Level 5.2 Conjurations


You had 5 spell levels left.
You knew the following spells:

 Your Spells              Type           Power        Failure   Level  Hunger
a - Magic Dart            Conj           ####         1%          1    None
b - Searing Ray           Conj           ####..       1%          2    #......
c - Dazzling Spray        Conj/Hex       ###.....     14%         3    ###....


Dungeon Overview and Level Annotations

Branches:
Dungeon (3/15)

Altars:
Kikubaaqudgha


Message History

The orc wizard is moderately wounded.
The orc wizard casts a spell at you. The magic dart hits you!
Casting: Magic Dart
Confirm with . or Enter, or press ? or * to list all spells.
Aiming: Magic Dart
Press: ? - help, Shift-Dir - straight line, f/p - orc wizard
Aim: an orc wizard, wielding a dagger and wearing a robe (moderately wounded, slightly transparent)
The magic dart hits the orc wizard.
The orc wizard is severely wounded.
You closely miss the orc.
The orc wizard points at you and mumbles some strange words.
You are confused.
The orc hits you with a flail of protection!
Unknown command.
You hit the orc.
The orc is lightly wounded.
The orc wizard barely misses you. The orc misses you.
The orc hits you with a mace!
You die...

....# ....#
....############# ###
.........)....... <..
..#........###.#####.##.
..#........# #..........
..#........# #..........
###....)...# #..)o......
#.....)..###..@o......
#.......)##....o......
##.....................
...........##...#######.
.##.##..#####...#
.#......## ##.##
.#####...# #.#
.#<..#...### #.#
.###.#<....# #.#


You could see an orc wizard (invisible) and 2 orcs.

Vanquished Creatures
  An orc priest (D:3)
  3 adders
  A worm (D:2)
  2 giant geckos
  7 orcs (D:3)
  5 bats
  A giant cockroach (D:2)
  3 goblins
  9 hobgoblins
  3 jackals (D:1)
  2 giant newts
  4 kobolds
  8 rats
49 creatures vanquished.

Notes
Turn   | Place    | Note
--------------------------------------------------------------
     0 | D:1      | Kidiri the Deep Elf Conjurer began the quest for the Orb.
     0 | D:1      | Reached XP level 1. HP: 10/10 MP: 6/6
   381 | D:1      | Reached XP level 2. HP: 15/15 MP: 4/8
   385 | D:1      | Learned a level 2 spell: Searing Ray
  1308 | D:2      | Reached XP level 3. HP: 19/19 MP: 8/10
  1313 | D:2      | Learned a level 3 spell: Dazzling Spray
  1839 | D:2      | Reached skill level 5 in Conjurations
  2047 | D:3      | Reached XP level 4. HP: 24/24 MP: 7/11
  2110 | D:3      | Found an ancient bone altar of Kikubaaqudgha.
  2141 | D:3      | Reached skill level 1 in Armour
  2214 | D:3      | Slain by an orc

Vault maps used:
D:1:      shiori_arrival_oz
D:2:      roderic_roman_lattice, due_unseen_surprise
D:3:      lemuel_round_altar, gup_sewer_entry_pipe, kennysheep_generic_room_4,
          uniq_jessica

Action                   |  1- 3 |  4- 6 || total
-------------------------+-------+-------++-------
Melee: Dagger            |     7 |       ||     7
       Rapier            |       |     3 ||     3
 Cast: Magic Dart        |    69 |    27 ||    96
  Use: Scroll            |     5 |       ||     5
 Stab: Sleeping          |     3 |       ||     3
  Eat: Chunk             |     7 |     9 ||    16
